 Dungeon Sprint DCSS version 0.29.1-4-g47bece8355 (webtiles) character file.

Game seed: 4057929454592711187

629 boopmooplesden the Cleaver (level 7, 0/77 HPs)
             Began as a Minotaur Berserker on Dec 6, 2022.
             Was a Believer of Trog.
             Slain by Sonja
             ... wielding a +0 short sword of distortion
              (7 damage)
             ... in the Dungeon (Sprint I: "Red Sonja").
             The game lasted 00:01:35 (1056 turns).

boopmooplesden the Cleaver (Minotaur Berserker)     Turns: 1056, Time: 00:01:36

Health: 0/77       AC: 11    Str: 23    XL:     7   Next: 23%
Magic:  6/6        EV: 10    Int:  4    God:    Trog [**....]
Gold:   216        SH:  0    Dex: 10    Spells: 6/6 levels left

rFire   . . .      SeeInvis .   a - +0 hand axe
rCold   . . .      Faith    .   (no shield)
rNeg    . . .      Spirit   .   o - +0 chain mail
rPois   .          Reflect  .   (helmet restricted)
rElec   .          Harm     .   (no cloak)
rCorr   .          Rampage  .   n - +0 pair of gloves
Will    ++...      NoTele   +   (no boots)
Stlth   ..........              (no amulet)
HPRegen 1.22/turn               (no ring)
MPRegen 0.10/turn               (no ring)

@: strong-willed (expiring), on berserk cooldown, regenerating (expiring),
hasted and slowed
A: horns 2, retaliatory headbutt
a: Renounce Religion, Berserk, Trog's Hand


You were in the Dungeon.
You worshipped Trog.
Trog was pleased with you.
You visited 1 branch You collected 432 gold pieces.
You spent 216 gold pieces at shops.

Inventory:

Hand Weapons
 a - a +0 hand axe (weapon)
Armour
 n - a +0 pair of gloves (worn)
 o - a +0 chain mail (worn)
Jewellery
 l - a ring of ice
Wands
 i - a wand of flame (3)
 m - a wand of quicksilver (10)
Scrolls
 h - a scroll of blinking
Potions
 f - 2 potions of magic
 g - a potion of berserk rage
 k - 2 potions of cancellation {unknown}


   Skills:
 + Level 12.1 Fighting
 + Level 12.3 Axes
 + Level 6.3 Armour
 + Level 6.4 Dodging
 + Level 0.7 Stealth


You had 6 spell levels left.
You didn't know any spells.
Your spell library was empty.

Dungeon Overview and Level Annotations

Branches:
Dungeon (1/1)

Altars:
Cheibriados
Dithmenos
Elyvilon
Fedhas
Gozag
Hepliaklqana
Kikubaaqudgha
Makhleb
Nemelex Xobeh
Okawaru
Qazlal
Ru
Sif Muna
Trog
Uskayaw
Vehumet
Wu Jian
Xom
Yredelemnul
Zin
The Shining One
Jiyva
Lugonu

Shops:
D [

Annotations:
D Sonja


Innate Abilities, Weirdness & Mutations

You have a pair of horns on your head.
You reflexively headbutt those who attack you in melee.


Message History

Sonja blinks!
As you close the door, it creaks loudly!
Sonja opens the door.
You close the door.
Sonja opens the door.
You feel much better. Sonja barely misses you.
Sonja hits you but does no damage. Space warps horribly around you!!
Sonja hits you but does no damage. Space warps horribly around you!
Sonja casts a spell.
Sonja blinks!
You feel yourself speed up.
Sonja casts a spell.
Sonja blinks!
You now have 216 gold pieces (gained 27).
You feel the effects of Trog's Hand fading.
Sonja hits you but does no damage. Space warps horribly around you!
* * * LOW HITPOINT WARNING * * *
Sonja barely misses you. Sonja hits you but does no damage.
You slash Sonja!
Sonja is severely wounded.
Sonja hits you with a +0 short sword of distortion.
* * * LOW HITPOINT WARNING * * *
Sonja hits you with a +0 short sword of distortion.
* * * LOW HITPOINT WARNING * * *
Space warps around you.
* * * LOW HITPOINT WARNING * * *
Sonja hits you with a +0 short sword of distortion.
* * * LOW HITPOINT WARNING * * *
You completely miss Sonja.
Sonja is severely wounded.
Sonja shouts, "Too slow!"
Sonja mumbles some strange words.
Sonja blinks!
Sonja throws a curare-tipped dart.
The curare-tipped dart barely misses you.
There is an open door, spattered with blood here.
Sonja misses you. You furiously retaliate!
You headbutt Sonja.
Sonja hits you with a +0 short sword of distortion.
* * * LOW HITPOINT WARNING * * *
Space warps around you!
You die...

######################
#<.#.)'..#..'..#__#..+
#..'..#.)').#..'..'..#
#..#####'#####'#__####
#..####..#...#(####
#..#__####..##.#
#..#_____##K#_.+
#⌠⌠#_.∩[..÷.@._#
####_..__##_.#'#
#_____###'#.#
#########.### +$..+
#$.$# ##.## #+#


You could see Sonja.

Vanquished Creatures
  A slime creature (D)
  Sigmund (D)
  A yak (D)
  An ogre (D)
  A jelly (D)
  Ijyb (D)
6 creatures vanquished.

Notes
Turn   | Place    | Note
-------+----------+-------------------------------------------
     0 | D        | boopmooplesden the Minotaur Berserker began the quest for
                  | the Orb.
     0 | D        | Reached XP level 1. HP: 19/19 MP: 0/0
     3 | D        | Noticed Ijyb
     6 | D        | Killed Ijyb
     7 | D        | Reached skill level 5 in Fighting
     7 | D        | Reached skill level 5 in Axes
     7 | D        | Reached XP level 2. HP: 29/29 MP: 1/1
    65 | D        | Noticed an ogre
    71 | D        | Killed an ogre
    72 | D        | Reached XP level 3. HP: 23/40 MP: 2/2
    72 | D        | Reached XP level 4. HP: 28/48 MP: 3/3
   369 | D        | Noticed Sigmund
   379 | D        | Killed Sigmund
   379 | D        | Reached ** piety under Trog
   380 | D        | Reached skill level 10 in Fighting
   380 | D        | Reached skill level 10 in Axes
   380 | D        | Reached skill level 5 in Armour
   380 | D        | Reached skill level 5 in Dodging
   380 | D        | Reached XP level 5. HP: 29/58 MP: 4/4
   380 | D        | Reached XP level 6. HP: 33/66 MP: 5/5
   703 | D        | Found a burning altar of Makhleb.
   703 | D        | Found a viscous altar of Jiyva.
   703 | D        | Found a shimmering altar of Xom.
   703 | D        | Found a corrupted altar of Lugonu.
   703 | D        | Noticed a slime creature
   708 | D        | Killed a slime creature
   752 | D        | Found an ornate altar of the Wu Jian Council.
   752 | D        | Found a shimmering blue altar of Sif Muna.
   754 | D        | Found a radiant altar of Vehumet.
   783 | D        | Found Soulazuq's Antique Armour Emporium.
   783 | D        | Found an ancient bone altar of Kikubaaqudgha.
   783 | D        | Found a hazy altar of Hepliaklqana.
   783 | D        | Found a stormy altar of Qazlal.
   783 | D        | Found a hide-covered altar of Uskayaw.
   783 | D        | Found a blossoming altar of Fedhas.
   783 | D        | Found a bloodstained altar of Trog.
   783 | D        | Found an iron altar of Okawaru.
   783 | D        | Found a basalt altar of Yredelemnul.
   783 | D        | Found a glowing golden altar of the Shining One.
   783 | D        | Found a snail-covered altar of Cheibriados.
   783 | D        | Found a sacrificial altar of Ru.
   783 | D        | Found a glowing silver altar of Zin.
   783 | D        | Found a shadowy altar of Dithmenos.
   783 | D        | Found a white marble altar of Elyvilon.
   783 | D        | Noticed a yak
   790 | D        | Killed a yak
   791 | D        | Reached XP level 7. HP: 62/77 MP: 6/6
   791 | D        | Found an opulent altar of Gozag.
   792 | D        | Found a sparkling altar of Nemelex Xobeh.
   798 | D        | Bought a pair of gloves for 108 gold pieces
   798 | D        | Bought a chain mail for 108 gold pieces
  1025 | D        | Noticed Sonja
  1056 | D        | Slain by Sonja

Illustrated notes

Levels and vault maps discovered:
D:        dungeon_sprint_1 [red_sonja_temple_1, red_sonja_temple_small_1]

Skill      XL: |  1  2  3  4  5  6 |
---------------+-------------------+-----
Fighting       | 5 7 10 12 | 12.1
Axes           | 5 8 10 12 | 12.3
Armour         | 3 4 5 6 |  6.3
Dodging        | 3 5 6 |  6.4
Stealth        | |  0.7

Action                   |  1- 3 |  4- 6 |  7- 9 || total
-------------------------+-------+-------+-------++-------
Melee: Hand axe          |     7 |    21 |    14 ||    42
       Headbutt          |     2 |     5 |       ||     7
Invok: Berserk           |     2 |     1 |     1 ||     4
       Trog's Hand       |       |       |     1 ||     1
  Use: Potion            |       |       |     3 ||     3
Armor: Chain mail        |       |       |    13 ||    13
Dodge: Dodged            |     3 |     6 |    11 ||    20
